AoeStats
← 天机

Arena

508631020Analyzed
1v1 RM · 9d ago on Sep 23, 2026· 35m 24s· 2 players
Game mode
Random Map
Map size
Tiny (2 player)
Population
200
Speed
Normal
Resources
Standard
Victory
Conquest
Starting age
Dark Age
Ending age
Imperial Age
RankedLock teamsTeams togetherTeam positionsShared explorationLock speedFull tech treeHidden civsTurbo modeCheats
Victory
Defeat
🇨🇳 Chinese · China
1056
+17
🇻🇳 Vietnamese · Vietnam
1088
-17
天机
0:33 Loom
9:34 Feudal Age
10:18 Double-Bit Axe
14:27 Wheelbarrow
16:47 Castle Age
15:53 Gold Mining
15:55 Stone Mining
15:47 Horse Collar
18:27 Bow Saw
18:21 Heavy Plow
22:50 Gold Mining
28:55 Imperial Age
26:31 Fletching
32:58 Bodkin Arrow
phamquocviet1508
7:27 Loom
10:12 Feudal Age
8:33 Loom
15:04 Castle Age
30:54 Double-Bit Axe
36:15 Ballistics
Connection lost

Rejoining the realm…

Still unreachable

The connection could not be restored.

Session expired

The server has moved on; the page needs a fresh start.